 Dungeon Crawl Stone Soup version 0.23.2-40-g277498a001 (webtiles) character file.

Game seed: 10516073330369417302

406 Marnok the Poker (level 6, 0/39 HPs)
             Began as a Tengu Berserker on Oct 12, 2019.
             Was a Believer of Trog.
             Slain by a bullfrog skeleton (5 damage)
             ... on level 4 of the Dungeon.
             The game lasted 00:06:53 (2770 turns).

Marnok the Poker (Tengu Berserker)                  Turns: 2770, Time: 00:06:53

Health: 0/39       AC:  2    Str: 19 (20) XL:     6   Next: 87%
Magic:  7/7        EV: 12    Int:  6 (7)  God:    Trog [**....]
Gold:   153        SH:  0    Dex: 10 (13) Spells: 5/5 levels left

rFire    . . .     SeeInvis .   e - +2 short sword (protect)
rCold    . . .     Gourm    .   (no shield)
rNeg     . . .     Faith    .   b - +0 animal skin
rPois    .         Spirit   .   (helmet restricted)
rElec    .         Reflect  .   (no cloak)
rCorr    .         Harm     .   (no gloves)
MR       +....                  (boots unavailable)
Stlth    +.........             (no amulet)
HPRegen  0.13/turn              v - ring of protection from magic
MPRegen  0.10/turn              k - ring of wizardry

@: heavily drained
A: beak, talons 3, able to fly
a: Fly, Berserk, Trog's Hand, Renounce Religion


You were on level 4 of the Dungeon.
You worshipped Trog.
Trog was pleased with you.
You were not hungry.

You visited 1 branch of the dungeon, and saw 4 of its levels.

You collected 153 gold pieces.

Inventory:

Hand Weapons
 a - a +0 spear
 e - a +2 short sword of protection (weapon)
 t - a +4 dagger
Armour
 b - a +0 animal skin (worn)
Jewellery
 k - a ring of wizardry (right hand)
 v - a ring of protection from magic (left hand)
Scrolls
 d - a scroll of fog
 f - a scroll of random uselessness {unknown}
 h - 2 scrolls of remove curse
 j - a scroll of magic mapping {unknown}
 m - a scroll of enchant weapon {unknown}
 n - 2 scrolls of enchant armour {unknown}
 o - a scroll of immolation {unknown}
 q - a scroll of amnesia {unknown}
 u - a scroll of teleportation {unknown}
Potions
 g - a potion of curing
 i - 2 potions of cancellation
 r - 2 potions of lignification
Comestibles
 c - 5 rations
 s - a chunk of flesh


   Skills:
 + Level 4.5(2.2) Fighting
 + Level 2.8(0.6) Short Blades
 + Level 4.9(2.5) Polearms
 + Level 2.5(0.3) Armour
 + Level 3.7(1.5) Dodging
 + Level 2.2(0.0) Stealth


You had 5 spell levels left.
You didn't know any spells.
Your spell library was empty.

Dungeon Overview and Level Annotations

Branches:
Dungeon (4/15)
 Temple: D:4-7

Altars:

Annotations:
D:4 Edmund, Natasha


Innate Abilities, Weirdness & Mutations

You have a beak for a mouth.
You have claws for feet.
You can fly continuously.


Message History

Found a ration.
Found a stone staircase leading down.
You hit Edmund.
Your weapon exudes an aura of protection.
You claw Edmund, but do no damage.
Edmund is lightly wounded.
The bullfrog skeleton barely misses you.
Edmund hits you but does no damage.
You feel drained.
You hit Edmund. Your kick misses Edmund.
Edmund is lightly wounded.
The bullfrog skeleton hits you!
Edmund hits you with a +2 flail of draining!
* * * LOW HITPOINT WARNING * * *
You feel drained.
* * * LOW HITPOINT WARNING * * *
The bullfrog skeleton misses you.
The bullfrog skeleton hits you but does no damage.
The bullfrog skeleton barely misses you.
There is a stone staircase leading up here.
The bullfrog skeleton hits you.
You die...

#...........
#..........%
#..........>
#.........#
#.#########
#######.###
#......@..#
#.#####Z#.#
#....@#...
#.....#####z..#
#...รท())..+...#
...[..########..(#
#....) ...# #.####
...# # ...#
#####...# #.h.<#


You could see Edmund and a bullfrog skeleton.

Vanquished Creatures
  Sigmund (D:2)
  2 wights (D:4)
  A howler monkey (D:4)
  A hound (D:4)
  Terence (D:2)
  4 adders
  2 worms (D:3)
  5 dart slugs
  2 orcs (D:3)
  5 bats
  2 giant cockroaches (D:3)
  6 goblins
  2 hobgoblins (D:1)
  5 kobolds
  2 ball pythons (D:3)
  3 frilled lizards (D:1)
  5 rats
49 creatures vanquished.

Notes
Turn   | Place    | Note
-------+----------+-------------------------------------------
     0 | D:1      | Marnok the Tengu Berserker began the quest for the Orb.
     0 | D:1      | Reached XP level 1. HP: 14/14 MP: 2/2
    69 | D:1      | Reached XP level 2. HP: 5/19 MP: 3/3
   637 | D:2      | Noticed Terence
   650 | D:2      | Killed Terence
   650 | D:2      | Reached XP level 3. HP: 11/23 MP: 4/4
  1258 | D:2      | Reached XP level 4. HP: 28/28 MP: 5/5
  1262 | D:2      | Noticed Sigmund
  1278 | D:2      | Killed Sigmund
  1278 | D:2      | Reached skill level 1 in Short Blades
  1278 | D:2      | Reached skill level 1 in Stealth
  1278 | D:2      | Gained mutation: You can fly continuously. [Tengu growth]
  1278 | D:2      | Reached XP level 5. HP: 32/33 MP: 6/6
  1524 | D:2      | Reached ** piety under Trog
  1972 | D:3      | Reached XP level 6. HP: 35/38 MP: 7/7
  2398 | D:4      | Noticed Natasha
  2756 | D:4      | Noticed Edmund
  2770 | D:4      | Slain by a bullfrog skeleton

Skill      XL: |  1  2  3  4  5  6 |
---------------+-------------------+-----
Polearms       | 4 |  4.9
Fighting       | 4 |  4.5
Short Blades   | 1 2 |  2.8
Dodging        | 3 |  3.7
Stealth        | 1 2 |  2.2
Armour         | |  2.5

Action                   |  1- 3 |  4- 6 || total
-------------------------+-------+-------++-------
Melee: Spear             |    28 |       ||    28
       Peck              |     7 |    10 ||    17
       Kick              |    13 |    25 ||    38
       Short sword       |    27 |    83 ||   110
  Use: Scroll            |       |     4 ||     4
       Potion            |       |     3 ||     3
 Stab: Sleeping          |     1 |     4 ||     5
  Eat: Chunk             |       |     6 ||     6
Armor: Animal skin       |    11 |    31 ||    42
Dodge: Dodged            |    30 |    51 ||    81
